[Event "EWIBCC 2019"]
[Site "Monte-Carlo"]
[Date "2019.11.29"]
[Round "8.10"]
[White "Bodnaruk, Anastasia"]
[Black "Savina, Anastasia"]
[Result "0-1"]
[ECO "C95"]
[WhiteElo "2412"]
[BlackElo "2354"]
[Annotator "ChessBase"]
[PlyCount "122"]
[EventDate "2019.11.29"]
[EventType "swiss"]
[EventCountry "MNC"]
[SourceTitle "playchess.com"]
[Source "ChessBase"]
[SourceQuality "1"]
[TimeControl "180+2"]

1. e4 e5 2. Nf3 Nc6 3. Bb5 a6 4. Ba4 Nf6 5. O-O Be7 6. Re1 b5 7. Bb3 d6 8. c3 O-O 9. h3 Nb8 10. d4 Nbd7 11. Nbd2 Bb7 12. Bc2 Re8 13. Nf1 Bf8 14. Ng3 g6 15. Bg5 Qc8 16. Qd2 Bg7 17. a4 Nb6 18. a5 Nbd7 19. d5 c6 20. dxc6 Qxc6 21. Rad1 d5 22. exd5 Qxd5 23. Qc1 Qc5 24. Nd2 Qc7 25. Nde4 Nxe4 26. Nxe4 Bc6 27. Bh6 Nf8 28. Qe3 Bxe4 29. Bxe4 Rad8 30. Bxg7 Kxg7 31. b4 Ne6 32. Bc2 Nf4 33. Bb3 Rxd1 34. Rxd1 Rc8 35. Rc1 Qd6 36. f3 Rd8 37. Kh2 e4 38. g3 Nh5 39. f4 Qd2+ 40. Qxd2 Rxd2+ 41. Kg1 Nxg3 42. Re1 Re2 43. Rd1 e3 44. Bd5 Rd2 45. Rxd2 exd2 46. Bf3 Ne4 47. c4 bxc4 48. b5 Nc5 49. b6 c3 50. Bd1 Nb7 51. Kf2 Nxa5 52. Ke2 Kf6 53. Kd3 Kf5 54. Kxc3 Kxf4 55. Ba4 Ke3 56. Bd1 Nb7 57. Kc4 f5 58. Kd5 f4 59. Kc6 Na5+ 60. Kc5 f3 61. Kb4 Nb7 0-1

[Event "EWIBCC 2019"]
[Site "Monte-Carlo"]
[Date "2019.11.29"]
[Round "8.11"]
[White "Daulyte-Cornette, Deimante"]
[Black "Muzychuk, Mariya"]
[Result "0-1"]
[ECO "B45"]
[WhiteElo "2405"]
[BlackElo "2552"]
[Annotator "RC"]
[PlyCount "24"]
[EventDate "2019.11.29"]
[EventType "swiss"]
[EventCountry "MNC"]
[SourceTitle "playchess.com"]
[Source "ChessBase"]
[SourceQuality "1"]
[TimeControl "180+2"]

1. e4 c5 2. Nc3 e6 3. Nge2 Nc6 4. d4 cxd4 5. Nxd4 Nf6 6. g3 d5 7. exd5 Nxd5 8. Bg2 Nxc3 9. bxc3 Nxd4 10. Qxd4 Qxd4 11. cxd4 Bb4+ 12. Ke2 Bc3 0-1

[Event "EWIBCC 2019"]
[Site "Monte-Carlo"]
[Date "2019.11.29"]
[Round "8.12"]
[White "Reizniece-Ozola, Dana"]
[Black "Janzelj, Lara"]
[Result "1-0"]
[ECO "D94"]
[WhiteElo "2305"]
[BlackElo "2158"]
[Annotator "ChessBase"]
[PlyCount "85"]
[EventDate "2019.11.29"]
[EventType "swiss"]
[EventCountry "MNC"]
[SourceTitle "playchess.com"]
[Source "ChessBase"]
[SourceQuality "1"]
[TimeControl "180+2"]

1. c4 c6 2. Nf3 d5 3. e3 Nf6 4. Nc3 g6 5. d4 Bg7 6. Be2 O-O 7. O-O Nbd7 8. b3 Ne4 9. Bb2 Ndf6 10. Rc1 a6 11. Ne5 Nxc3 12. Bxc3 Ne4 13. Bb2 Qa5 14. a3 Be6 15. b4 Qd8 16. cxd5 Bxd5 17. f3 Nd6 18. e4 Be6 19. Qc2 Nb5 20. Rfd1 Bh6 21. Rb1 Be3+ 22. Kh1 Qb6 23. Qd3 Bh6 24. a4 Nd6 25. d5 cxd5 26. exd5 Bf5 27. Qc3 Rac8 28. Nc4 f6 29. Nxb6 Rxc3 30. Bxc3 Bxb1 31. Rxb1 Nf5 32. b5 Rd8 33. bxa6 bxa6 34. Bxa6 Be3 35. a5 Bc5 36. Bb7 Nd6 37. Bc6 Rb8 38. h3 Nc4 39. Rc1 Nxb6 40. axb6 Rxb6 41. Bxf6 Be3 42. Re1 Bd2 43. Rd1 1-0

[Event "EWIBCC 2019"]
[Site "Monte-Carlo"]
[Date "2019.11.29"]
[Round "8.13"]
[White "Zaksaite, Salomeja"]
[Black "Dornbusch, Tatiana"]
[Result "0-1"]
[ECO "B22"]
[WhiteElo "2202"]
[BlackElo "2269"]
[Annotator "NA"]
[PlyCount "104"]
[EventDate "2019.11.29"]
[EventType "swiss"]
[EventCountry "MNC"]
[SourceTitle "playchess.com"]
[Source "ChessBase"]
[SourceQuality "1"]
[TimeControl "180+2"]

1. e4 Nf6 2. e5 Nd5 3. c4 Nb6 4. c5 Nd5 5. Bc4 e6 6. d4 d6 7. cxd6 cxd6 8. Nf3 Nc6 9. O-O dxe5 10. dxe5 Be7 11. Qe2 Nb6 12. Rd1 Bd7 13. Bb3 O-O 14. Nc3 Na5 15. Bc2 Qc7 16. Bg5 Bc6 17. h4 Nd5 18. Bxe7 Nxc3 19. bxc3 Qxe7 20. Bxh7+ Kxh7 21. Ng5+ Kh6 22. Qe3 Kg6 23. Qg3 Kh6 24. Qf4 g6 25. Nxe6+ Kh7 26. Nxf8+ Rxf8 27. Rd6 b6 28. h5 Rg8 29. Rad1 gxh5 30. Qf5+ Rg6 31. Qxh5+ Kg7 32. Rxg6+ fxg6 33. Qh2 Nc4 34. f4 Ne3 35. Rd6 Nf5 36. Rxc6 Qd7 37. Rd6 Nxd6 38. exd6 Qxd6 39. Qg3 Qd1+ 40. Kh2 Qd2 41. f5 Qh6+ 42. Qh3 Qxh3+ 43. Kxh3 gxf5 44. Kg3 Kf6 45. Kf4 Ke6 46. a3 b5 47. Kf3 Ke5 48. Ke3 f4+ 49. Kf3 Kf5 50. Kf2 Kg4 51. Kf1 Kg3 52. Kg1 f3 0-1

[Event "EWIBCC 2019"]
[Site "Monte-Carlo"]
[Date "2019.11.29"]
[Round "8.14"]
[White "Mkrtchian, Lilit"]
[Black "Muetsch, Annmarie"]
[Result "1-0"]
[ECO "A26"]
[WhiteElo "2402"]
[BlackElo "2240"]
[Annotator "ChessBase"]
[PlyCount "75"]
[EventDate "2019.11.29"]
[EventType "swiss"]
[EventCountry "MNC"]
[SourceTitle "playchess.com"]
[Source "ChessBase"]
[SourceQuality "1"]
[TimeControl "180+2"]

1. c4 Nf6 2. Nc3 g6 3. g3 Bg7 4. Bg2 O-O 5. e4 d6 6. Nge2 e5 7. O-O Nc6 8. d3 h6 9. h3 a5 10. f4 Nh7 11. f5 Nd4 12. Nxd4 exd4 13. Nd5 g5 14. Qh5 f6 15. Kh2 c6 16. Nf4 gxf4 17. gxf4 Kh8 18. Bf3 Rg8 19. Rg1 Qe7 20. Bd2 Bd7 21. Rg2 Be8 22. Qh4 Bf7 23. Bh5 Bxh5 24. Qxh5 Bf8 25. Rg6 Bg7 26. Rag1 d5 27. cxd5 cxd5 28. exd5 Rae8 29. Re1 Qd7 30. Re6 Rxe6 31. dxe6 Qb5 32. Qe2 Qxb2 33. e7 Re8 34. Rg2 Qb5 35. Qe6 Qc6 36. Qf7 Rg8 37. Rxg7 Rxg7 38. e8=Q+ 1-0

[Event "EWIBCC 2019"]
[Site "Monte-Carlo"]
[Date "2019.11.29"]
[Round "8.15"]
[White "Worek, Joanna"]
[Black "Petrova, Irina"]
[Result "0-1"]
[ECO "B08"]
[WhiteElo "2316"]
[BlackElo "2109"]
[Annotator "NA"]
[PlyCount "68"]
[EventDate "2019.11.29"]
[EventType "swiss"]
[EventCountry "MNC"]
[SourceTitle "playchess.com"]
[Source "ChessBase"]
[SourceQuality "1"]
[TimeControl "180+2"]

1. e4 d6 2. Nf3 g6 3. d4 Nf6 4. Nc3 Bg7 5. Bg5 c6 6. Qd2 d5 7. Bd3 dxe4 8. Nxe4 Nbd7 9. Ng3 h6 10. Be3 Nb6 11. Ne5 Nbd5 12. O-O Nxe3 13. fxe3 O-O 14. c4 Ng4 15. Nxg4 Bxg4 16. c5 e5 17. Ne4 exd4 18. Nd6 dxe3 19. Qxe3 Qg5 20. Qxg5 hxg5 21. Nxf7 Rxf7 22. Bc4 Raf8 23. Rxf7 Rxf7 24. Rf1 Bf5 25. g4 Bd4+ 26. Kg2 Be4+ 27. Kg3 Bd5 28. Bxd5 cxd5 29. Rd1 Bf2+ 30. Kg2 d4 31. b4 Be3 32. b5 Rf2+ 33. Kg3 Rxa2 34. Kf3 Rc2 0-1

[Event "EWIBCC 2019"]
[Site "Monte-Carlo"]
[Date "2019.11.29"]
[Round "8.16"]
[White "Unuk, Laura"]
[Black "Berzina, Ilze"]
[Result "1-0"]
[ECO "D11"]
[WhiteElo "2298"]
[BlackElo "2211"]
[Annotator "ChessBase"]
[PlyCount "63"]
[EventDate "2019.11.29"]
[EventType "swiss"]
[EventCountry "MNC"]
[SourceTitle "playchess.com"]
[Source "ChessBase"]
[SourceQuality "1"]
[TimeControl "180+2"]

1. d4 d5 2. c4 c6 3. Nf3 Nf6 4. Qc2 Bg4 5. Ne5 Be6 6. e3 Nbd7 7. f4 Nxe5 8. fxe5 Ne4 9. Bd3 Bf5 10. Nc3 e6 11. O-O Nxc3 12. Bxf5 exf5 13. bxc3 g6 14. cxd5 cxd5 15. c4 dxc4 16. Qxc4 Qd7 17. Bb2 Rc8 18. Qb3 Be7 19. d5 O-O 20. Rad1 Bc5 21. e6 Qe7 22. Kh1 f6 23. Qd3 Bd6 24. e4 fxe4 25. Qxe4 Rc5 26. Rf3 Rb5 27. Bc3 Rc8 28. Bxf6 Qf8 29. Rdf1 Qh6 30. Be5 Bxe5 31. Qxe5 Rbc5 32. e7 1-0

[Event "EWIBCC 2019"]
[Site "Monte-Carlo"]
[Date "2019.11.29"]
[Round "8.18"]
[White "Limanovska, Elizabete"]
[Black "Solozhenkina, Elizaveta"]
[Result "1/2-1/2"]
[ECO "B51"]
[WhiteElo "2178"]
[BlackElo "2314"]
[Annotator "ChessBase"]
[PlyCount "151"]
[EventDate "2019.11.29"]
[EventType "swiss"]
[EventCountry "MNC"]
[SourceTitle "playchess.com"]
[Source "ChessBase"]
[SourceQuality "1"]
[TimeControl "180+2"]

1. e4 c5 2. Nf3 d6 3. Bb5+ Nd7 4. O-O a6 5. Bd3 Ngf6 6. Re1 Qc7 7. c3 Ne5 8. Nxe5 dxe5 9. Bc2 e6 10. d3 Be7 11. Be3 O-O 12. Nd2 Rd8 13. Qe2 b6 14. Rac1 Bb7 15. f3 Rac8 16. Qf2 a5 17. Kh1 Ba6 18. d4 exd4 19. cxd4 cxd4 20. Bxd4 Bc5 21. Bxc5 Qxc5 22. Qxc5 Rxc5 23. Nb3 Rc7 24. e5 Nd5 25. Be4 Rdc8 26. Rxc7 Rxc7 27. Rc1 Rxc1+ 28. Nxc1 Ne3 29. Bd3 Bb7 30. Kg1 h6 31. Kf2 Nd1+ 32. Ke2 Nxb2 33. Bb5 a4 34. Kd2 a3 35. Kc2 Bd5 36. Nb3 Nc4 37. Bxc4 Bxc4 38. Kc3 Bf1 39. g3 Kf8 40. Kb4 Ke7 41. Kxa3 Kd7 42. Kb4 Kc6 43. Nd2 Be2 44. a4 Kd5 45. f4 h5 46. Kc3 g6 47. Nb1 Ke4 48. Kd2 Kf3 49. Nc3 Bc4 50. Nd1 Bb3 51. Ne3 Bxa4 52. Nc4 b5 53. Nd6 b4 54. Kc1 Ke3 55. Nxf7 Kd3 56. Kb2 Ke2 57. Ng5 Bd7 58. Kb3 Kf2 59. Kxb4 Kg2 60. Kc5 Kxh2 61. Ne4 Ba4 62. Kd6 Bc2 63. Nc3 Bf5 64. Ne2 Kg2 65. Ke7 Kf3 66. Nd4+ Kxg3 67. Nxf5+ gxf5 68. Kxe6 h4 69. Kxf5 h3 70. e6 h2 71. e7 h1=Q 72. e8=Q Qd5+ 73. Qe5 Qf7+ 74. Ke4 Qc4+ 75. Qd4 Qxd4+ 76. Kxd4 1/2-1/2

[Event "EWIBCC 2019"]
[Site "Monte-Carlo"]
[Date "2019.11.29"]
[Round "8.19"]
[White "Belenkaya, Dina"]
[Black "Kazarian, Anna-Maja"]
[Result "1-0"]
[ECO "A07"]
[WhiteElo "2302"]
[BlackElo "2109"]
[Annotator "ChessBase"]
[PlyCount "135"]
[EventDate "2019.11.29"]
[EventType "swiss"]
[EventCountry "MNC"]
[SourceTitle "playchess.com"]
[Source "ChessBase"]
[SourceQuality "1"]
[TimeControl "180+2"]

1. e4 c6 2. d3 d5 3. Nd2 Nf6 4. g3 g6 5. Bg2 Bg7 6. Ngf3 O-O 7. O-O e6 8. Qe2 b6 9. c3 Ba6 10. e5 Nfd7 11. c4 Qc7 12. Re1 Bb7 13. b3 Na6 14. Ba3 c5 15. Bb2 Nb4 16. Nf1 d4 17. Bc1 Rab8 18. Bf4 a6 19. a3 Nc6 20. h4 b5 21. h5 Na5 22. N1d2 bxc4 23. bxc4 Bc6 24. Ne4 Bxe4 25. Qxe4 Rb2 26. Ng5 h6 27. Nf3 Qb7 28. Qxb7 Nxb7 29. Rab1 Rxb1 30. Rxb1 Na5 31. hxg6 fxg6 32. Bd2 Nc6 33. Rb7 Ncxe5 34. Nxe5 Nxe5 35. Be4 Nf3+ 36. Bxf3 Rxf3 37. Rb3 e5 38. Kg2 Rf6 39. Rb7 Re6 40. f3 Kh7 41. Ba5 g5 42. g4 Kg6 43. Rc7 Bf8 44. Rc8 Be7 45. Kf2 h5 46. gxh5+ Kxh5 47. Kg3 Kg6 48. Kg4 Rf6 49. Re8 Rf4+ 50. Kg3 Kf7 51. Ra8 Rf6 52. Ra7 Re6 53. Bd8 Kf6 54. Bxe7+ Rxe7 55. Rxa6+ Kf5 56. Ra5 Rc7 57. a4 Rc6 58. Ra8 Rb6 59. a5 Rb3 60. a6 Rxd3 61. a7 Ra3 62. Rf8+ Ke6 63. a8=Q Rxa8 64. Rxa8 d3 65. Rd8 e4 66. fxe4 Ke5 67. Rxd3 Kxe4 68. Rd5 {[%emt 0:00:51] Kxd5} 1-0

[Event "EWIBCC 2019"]
[Site "Monte-Carlo"]
[Date "2019.11.29"]
[Round "9.3"]
[White "Kosteniuk, Alexandra"]
[Black "Buksa, Nataliya"]
[Result "1-0"]
[ECO "B22"]
[WhiteElo "2483"]
[BlackElo "2410"]
[Annotator "RC"]
[PlyCount "169"]
[EventDate "2019.11.29"]
[EventType "swiss"]
[EventCountry "MNC"]
[SourceTitle "playchess.com"]
[Source "ChessBase"]
[SourceQuality "1"]
[TimeControl "180+2"]

1. e4 c5 2. c3 Nf6 3. e5 Nd5 4. Nf3 Nc6 5. Bc4 Nb6 6. Bb3 d5 7. exd6 Qxd6 8. O-O c4 9. Bc2 Bg4 10. Qe2 e6 11. Na3 Qd5 12. Be4 Qc5 13. b4 cxb3 14. axb3 Bd6 15. h3 Bxf3 16. Qxf3 f5 17. Bxc6+ Qxc6 18. Qxc6+ bxc6 19. Nc2 Kd7 20. d4 a5 21. c4 Bc7 22. Ne3 f4 23. Ng4 a4 24. bxa4 Rxa4 25. Rxa4 Nxa4 26. Re1 Nb6 27. Ne5+ Bxe5 28. Rxe5 Nxc4 29. Rc5 Nb6 30. Bxf4 Ra8 31. Rg5 g6 32. h4 Ra4 33. Be5 Ke7 34. h5 Kf7 35. hxg6+ hxg6 36. Rg3 Nd7 37. Rf3+ Ke7 38. Bg7 Ra5 39. Bh6 Rd5 40. Be3 Nf6 41. Rg3 Kf7 42. f3 Ra5 43. Rh3 Rh5 44. Rg3 Nd5 45. Bd2 Rh4 46. f4 Rh8 47. Ra3 Rb8 48. g3 Rb2 49. Be1 Re2 50. Bf2 Kf6 51. Rb3 Kf5 52. Kf1 Rd2 53. Ke1 Rc2 54. Ra3 Ke4 55. Rb3 Nc3 56. Kf1 Kf3 57. Be1 Ke4 58. Rxc3 Rh2 59. Rxc6 Kf3 60. Rc3+ Ke4 61. Bf2 Rh1+ 62. Ke2 Ra1 63. Re3+ Kd5 64. Re5+ Kd6 65. Kf3 Ra2 66. Be3 Ra3 67. Kg4 Ra1 68. Kg5 Ra2 69. g4 Rg2 70. Bc1 Rg1 71. Ba3+ Kd7 72. Bc5 Rg2 73. Re3 Rg1 74. Ra3 Rg2 75. Ra6 Rg3 76. Ra7+ Kc6 77. Rg7 Kd5 78. Rxg6 Rg2 79. Kf6 Ke4 80. f5 exf5 81. gxf5 Ra2 82. Ke6 Ra6+ 83. Bd6 Kxd4 84. Rg4+ Ke3 85. f6 1-0

[Event "EWIBCC 2019"]
[Site "Monte-Carlo"]
[Date "2019.11.29"]
[Round "9.5"]
[White "Socko, Monika"]
[Black "Sebag, Marie"]
[Result "0-1"]
[ECO "D11"]
[WhiteElo "2417"]
[BlackElo "2443"]
[Annotator "NA RC"]
[PlyCount "48"]
[EventDate "2019.11.29"]
[EventType "swiss"]
[EventCountry "MNC"]
[SourceTitle "playchess.com"]
[Source "ChessBase"]
[SourceQuality "1"]
[TimeControl "180+2"]

1. d4 d5 2. c4 c6 3. Nf3 Nf6 4. Nbd2 Bf5 5. Nh4 Be4 6. f3 Bg6 7. Qb3 Qb6 8. Nxg6 hxg6 9. c5 Qc7 10. e4 dxe4 11. Nxe4 Nxe4 12. fxe4 e5 13. Be3 exd4 14. Bxd4 Nd7 15. O-O-O Nxc5 16. Qc2 Ne6 17. Bc4 Nxd4 18. Rxd4 Be7 19. Rf1 O-O 20. Qb3 Bf6 21. Rd3 b5 22. e5 bxc4 23. Qxc4 Qxe5 24. Kb1 Qxb2# 0-1

[Event "EWIBCC 2019"]
[Site "Monte-Carlo"]
[Date "2019.11.29"]
[Round "9.6"]
[White "Muzychuk, Mariya"]
[Black "Reizniece-Ozola, Dana"]
[Result "1-0"]
[ECO "B90"]
[WhiteElo "2552"]
[BlackElo "2305"]
[Annotator "RC"]
[PlyCount "95"]
[EventDate "2019.11.29"]
[EventType "swiss"]
[EventCountry "MNC"]
[SourceTitle "playchess.com"]
[Source "ChessBase"]
[SourceQuality "1"]
[TimeControl "180+2"]

1. e4 c5 2. Nf3 d6 3. d4 cxd4 4. Nxd4 Nf6 5. Nc3 a6 6. h3 e5 7. Nde2 Be6 8. g4 Be7 9. Bg2 Qc7 10. Ng3 h6 11. Nf5 Bxf5 12. exf5 Nbd7 13. O-O Nb6 14. f4 exf4 15. Bxf4 Nc4 16. Nd5 Nxd5 17. Qxd5 O-O 18. Qxb7 Qc5+ 19. Kh1 Bf6 20. Qd5 Rac8 21. Rab1 Rfe8 22. Qxc5 Rxc5 23. b3 Ne3 24. Rfe1 Bd4 25. c4 Rcc8 26. Bxd6 Nxg2 27. Kxg2 Red8 28. Bf4 Bc3 29. Re2 a5 30. Rc1 Bb4 31. Rcc2 Ra8 32. Bd2 Bc5 33. Bc3 a4 34. b4 Bb6 35. c5 Bc7 36. Be5 Rac8 37. Bxc7 Rxc7 38. c6 Rb8 39. a3 Rb6 40. Re8+ Kh7 41. Ra8 Rbxc6 42. Rxc6 Rxc6 43. Rxa4 Rc2+ 44. Kg1 Rc3 45. b5 Rxh3 46. b6 Rb3 47. Rb4 Rxa3 48. b7 1-0

[Event "EWIBCC 2019"]
[Site "Monte-Carlo"]
[Date "2019.11.29"]
[Round "9.8"]
[White "Berend, Elvira"]
[Black "Zhukova, Natalia"]
[Result "0-1"]
[ECO "E60"]
[WhiteElo "2349"]
[BlackElo "2323"]
[Annotator "NA"]
[PlyCount "97"]
[EventDate "2019.11.29"]
[EventType "swiss"]
[EventCountry "MNC"]
[SourceTitle "playchess.com"]
[Source "ChessBase"]
[SourceQuality "1"]
[TimeControl "180+2"]

1. d4 Nf6 2. c4 c5 3. d5 b5 4. Nf3 g6 5. g3 Bg7 6. Bg2 bxc4 7. Nc3 O-O 8. O-O d6 9. e4 Nbd7 10. Qe2 a5 11. Rd1 Ba6 12. Bf4 Ng4 13. Nd2 Nge5 14. Rab1 Rb8 15. Bg5 h6 16. Be3 Nd3 17. Nf1 Kh7 18. h4 Nxb2 19. Rxb2 Bxc3 20. Rc2 Bg7 21. h5 Rb6 22. Qd2 Rb2 23. Nh2 c3 24. Qc1 Qb6 25. Ng4 Rxc2 26. Qxc2 Qb2 27. Rc1 Qxc2 28. Rxc2 gxh5 29. Nh2 Bd3 30. Rc1 c2 31. Bf1 c4 32. Nf3 Bb2 33. Ne1 Bxc1 34. Bxc1 Bxf1 35. Kxf1 Nc5 36. Nxc2 Nxe4 37. Ne3 c3 38. Ke2 Rb8 39. Kd3 Nxf2+ 40. Kxc3 Ne4+ 41. Kd3 Nxg3 42. Bd2 h4 43. Bxa5 Ra8 44. Bc3 Rxa2 45. Be1 Kg6 46. Nc2 f5 47. Nd4 f4 48. Nf3 h3 49. Kd4 0-1

[Event "EWIBCC 2019"]
[Site "Monte-Carlo"]
[Date "2019.11.29"]
[Round "9.9"]
[White "Petrova, Irina"]
[Black "Michna, Marta"]
[Result "1/2-1/2"]
[ECO "C12"]
[WhiteElo "2109"]
[BlackElo "2366"]
[Annotator "NA"]
[PlyCount "82"]
[EventDate "2019.11.29"]
[EventType "swiss"]
[EventCountry "MNC"]
[SourceTitle "playchess.com"]
[Source "ChessBase"]
[SourceQuality "1"]
[TimeControl "180+2"]

1. d4 Nf6 2. Bg5 e6 3. Nc3 d5 4. e4 Bb4 5. e5 h6 6. Bd2 Bxc3 7. bxc3 Ne4 8. Qg4 g6 9. Bd3 Nxd2 10. Kxd2 c5 11. h4 c4 12. Be2 Nc6 13. Rh3 b5 14. a3 Qa5 15. Rb1 Bd7 16. Qf4 O-O-O 17. Nf3 Rh7 18. Rhh1 a6 19. a4 b4 20. cxb4 Nxb4 21. c3 Nc6 22. Rhc1 Qc7 23. Ke1 g5 24. hxg5 hxg5 25. Nxg5 Rh1+ 26. Kd2 Rxc1 27. Rxc1 Na5 28. Bd1 Rg8 29. Nxf7 Rxg2 30. Nd6+ Kb8 31. Qf8+ Ka7 32. Rb1 Rh2 33. Qf7 Rg2 34. Qf3 Rh2 35. Qf7 Rg2 36. Qf3 Rh2 37. Qf7 Rg2 38. Qf3 Rh2 39. Qf7 Rg2 40. Qf3 Rh2 41. Qf7 Rg2 1/2-1/2

[Event "EWIBCC 2019"]
[Site "Monte-Carlo"]
[Date "2019.11.29"]
[Round "9.11"]
[White "Babiy, Olga"]
[Black "Unuk, Laura"]
[Result "1-0"]
[ECO "C11"]
[WhiteElo "2249"]
[BlackElo "2298"]
[Annotator "NA"]
[PlyCount "41"]
[EventDate "2019.11.29"]
[EventType "swiss"]
[EventCountry "MNC"]
[SourceTitle "playchess.com"]
[Source "ChessBase"]
[SourceQuality "1"]
[TimeControl "180+2"]

1. e4 e6 2. d4 d5 3. Nc3 Nf6 4. e5 Nfd7 5. f4 c5 6. Nf3 b6 7. Be3 Be7 8. Be2 Ba6 9. O-O Bxe2 10. Nxe2 cxd4 11. Nexd4 a6 12. Rc1 Qc7 13. Qe2 Nc6 14. c4 Nxd4 15. Nxd4 dxc4 16. Rxc4 Qb7 17. Rfc1 O-O 18. Rc7 Qd5 19. Nc6 Bc5 20. Bxc5 Nxc5 21. Ne7+ 1-0

[Event "EWIBCC 2019"]
[Site "Monte-Carlo"]
[Date "2019.11.29"]
[Round "9.13"]
[White "Dornbusch, Tatiana"]
[Black "Belenkaya, Dina"]
[Result "0-1"]
[ECO "D27"]
[WhiteElo "2269"]
[BlackElo "2302"]
[Annotator "NA"]
[PlyCount "28"]
[EventDate "2019.11.29"]
[EventType "swiss"]
[EventCountry "MNC"]
[SourceTitle "playchess.com"]
[Source "ChessBase"]
[SourceQuality "1"]
[TimeControl "180+2"]

1. d4 d5 2. c4 dxc4 3. Nf3 Nf6 4. e3 e6 5. Bxc4 a6 6. a4 c5 7. O-O Nc6 8. Qe2 Qc7 9. Nc3 Bd6 10. dxc5 Bxc5 11. e4 Ng4 12. h3 Nd4 13. hxg4 Nxe2+ 14. Bxe2 b6 0-1

[Event "EWIBCC 2019"]
[Site "Monte-Carlo"]
[Date "2019.11.29"]
[Round "9.16"]
[White "Janzelj, Lara"]
[Black "Bodnaruk, Anastasia"]
[Result "0-1"]
[ECO "E92"]
[WhiteElo "2158"]
[BlackElo "2412"]
[Annotator "ChessBase"]
[PlyCount "146"]
[EventDate "2019.11.29"]
[EventType "swiss"]
[EventCountry "MNC"]
[SourceTitle "playchess.com"]
[Source "ChessBase"]
[SourceQuality "1"]
[TimeControl "180+2"]

1. d4 Nf6 2. c4 g6 3. Nc3 Bg7 4. e4 d6 5. Be2 O-O 6. Nf3 e5 7. d5 a5 8. Bg5 h6 9. Be3 Ng4 10. Bd2 f5 11. h3 Nf6 12. exf5 gxf5 13. Qc1 Kh7 14. g4 Ng8 15. g5 h5 16. g6+ Kxg6 17. Rg1+ Kh7 18. Ng5+ Kh8 19. Bxh5 Qf6 20. Qd1 Nh6 21. Qf3 Na6 22. Qg3 Nb4 23. O-O-O e4 24. Kb1 Nd3 25. Bc1 a4 26. Ngxe4 fxe4 27. Nxe4 Qe7 28. Rxd3 Bf5 29. f3 a3 30. Bg5 Qe5 31. Qxe5 dxe5 32. Rxa3 Rxa3 33. bxa3 Bxh3 34. Bxh6 Bxh6 35. Rh1 Bg2 36. Rh2 Bf1 37. Bg4 Kg7 38. Kb2 Bxc4 39. Nc3 b6 40. Be6 Bf4 41. Rg2+ Kh6 42. Ne4 b5 43. Kc3 c6 44. Nf2 cxd5 45. Ng4+ Kh5 46. Kb4 Ra8 47. Nf6+ Kh6 48. Bf5 Ra4+ 49. Kc5 Be3+ 50. Kc6 Ra6+ 51. Kc7 Rxf6 52. Rh2+ Kg5 53. Bc2 Rxf3 54. Rg2+ Kf6 55. Kd6 e4 56. Rg8 Kf7 57. Rg4 Rf2 58. Bd1 Rxa2 59. Ke5 Rxa3 60. Rg2 Ra1 61. Bh5+ Kf8 62. Rg6 Rf1 63. Ra6 Kg7 64. Rg6+ Kh7 65. Ra6 Bg5 66. Bg4 e3 67. Bf5+ Rxf5+ 68. Kxf5 e2 69. Ra1 Bd2 70. Rh1+ Kg7 71. Rg1+ Kf7 72. Rh1 e1=Q 73. Rh7+ Kg8 0-1

[Event "EWIBCC 2019"]
[Site "Monte-Carlo"]
[Date "2019.11.29"]
[Round "9.17"]
[White "Antova, Gabriela"]
[Black "Daulyte-Cornette, Deimante"]
[Result "1-0"]
[ECO "E12"]
[WhiteElo "2306"]
[BlackElo "2405"]
[Annotator "NA"]
[PlyCount "53"]
[EventDate "2019.11.29"]
[EventType "swiss"]
[EventCountry "MNC"]
[SourceTitle "playchess.com"]
[Source "ChessBase"]
[SourceQuality "1"]
[TimeControl "180+2"]

1. d4 Nf6 2. c4 b6 3. Nc3 Bb7 4. Qc2 d5 5. cxd5 Nxd5 6. a3 e6 7. e4 Nxc3 8. bxc3 Be7 9. Nf3 c5 10. Bd3 cxd4 11. cxd4 O-O 12. O-O Nc6 13. Bb2 Rc8 14. Qe2 Na5 15. Rad1 Re8 16. Ne5 Bf6 17. f4 Nc6 18. Qf2 Qe7 19. Ng4 Qd8 20. Nxf6+ gxf6 21. d5 exd5 22. exd5 Ne7 23. Bxf6 Qd6 24. Bxh7+ Kf8 25. Qh4 Ng8 26. Bxg8 Kxg8 27. Qh8# {[%emt 0:00:18] Qd8} 1-0

[Event "EWIBCC 2019"]
[Site "Monte-Carlo"]
[Date "2019.11.29"]
[Round "9.19"]
[White "Rogule, Laura"]
[Black "Limanovska, Elizabete"]
[Result "1-0"]
[ECO "E17"]
[WhiteElo "2293"]
[BlackElo "2178"]
[Annotator "NA"]
[PlyCount "81"]
[EventDate "2019.11.29"]
[EventType "swiss"]
[EventCountry "MNC"]
[SourceTitle "playchess.com"]
[Source "ChessBase"]
[SourceQuality "1"]
[TimeControl "180+2"]

1. c4 Nf6 2. Nf3 e6 3. d4 b6 4. g3 Bb7 5. Bg2 Be7 6. O-O O-O 7. Re1 d5 8. Ne5 Nbd7 9. Nc3 c6 10. cxd5 cxd5 11. Bf4 Nxe5 12. Bxe5 Nd7 13. Bf4 a6 14. Rc1 b5 15. Qd2 Rc8 16. Qd3 Nb6 17. b3 Bd6 18. Bd2 Qd7 19. Rc2 Rc7 20. Rec1 Rfc8 21. Nd1 Ba3 22. Rxc7 Rxc7 23. Rxc7 Qxc7 24. Ba5 b4 25. Qd2 Qd6 26. Nb2 Bxb2 27. Qxb2 Nd7 28. Qd2 Qc6 29. Bxb4 Nf6 30. f3 h6 31. Qc3 Qd7 32. Kf2 Bc6 33. Qc5 Qe8 34. e3 Bb5 35. a4 Bc6 36. Bf1 Qa8 37. Qb6 Bb7 38. Qc7 Ne8 39. Qe7 Nf6 40. Bc5 a5 41. Bb5 1-0

[Event "EWIBCC 2019"]
[Site "Monte-Carlo"]
[Date "2019.11.29"]
[Round "10.3"]
[White "Sebag, Marie"]
[Black "Savina, Anastasia"]
[Result "1-0"]
[ECO "C95"]
[WhiteElo "2443"]
[BlackElo "2354"]
[Annotator "NA"]
[PlyCount "91"]
[EventDate "2019.11.29"]
[EventType "swiss"]
[EventCountry "MNC"]
[SourceTitle "playchess.com"]
[Source "ChessBase"]
[SourceQuality "1"]
[TimeControl "180+2"]

1. e4 e5 2. Nf3 Nc6 3. Bb5 a6 4. Ba4 Nf6 5. O-O Be7 6. Re1 b5 7. Bb3 d6 8. c3 O-O 9. h3 Nb8 10. d4 Nbd7 11. c4 c6 12. Qc2 Bb7 13. Nc3 b4 14. Na4 c5 15. d5 Nh5 16. a3 a5 17. Be3 g6 18. Bh6 Ng7 19. Qd2 Nf6 20. Bc2 Kh8 21. b3 Ng8 22. Bg5 Bxg5 23. Qxg5 f6 24. Qe3 Qc7 25. Nd2 f5 26. f4 exf4 27. Qxf4 fxe4 28. Qxe4 Rae8 29. Qh4 Ne7 30. axb4 axb4 31. g4 Kg8 32. Ne4 Bc8 33. Nf6+ Rxf6 34. Qxf6 Qd7 35. Nb6 Qd8 36. Nxc8 Nxc8 37. Qxd8 Rxd8 38. Ra8 Kf7 39. Rb8 Ne8 40. Rb7+ Kg8 41. Ra1 Nf6 42. Ra8 Re8 43. Rbb8 Kg7 44. Rxc8 Re2 45. g5 Rxc2 46. Rc7+ 1-0

[Event "EWIBCC 2019"]
[Site "Monte-Carlo"]
[Date "2019.11.29"]
[Round "10.6"]
[White "Mkrtchian, Lilit"]
[Black "Gaponenko, Inna"]
[Result "1-0"]
[ECO "A26"]
[WhiteElo "2402"]
[BlackElo "2427"]
[Annotator "NA"]
[PlyCount "100"]
[EventDate "2019.11.29"]
[EventType "swiss"]
[EventCountry "MNC"]
[SourceTitle "playchess.com"]
[Source "ChessBase"]
[SourceQuality "1"]
[TimeControl "180+2"]

1. c4 g6 2. g3 Bg7 3. Bg2 d6 4. Nc3 Nf6 5. e4 O-O 6. Nge2 e5 7. O-O Nc6 8. d3 Be6 9. f4 exf4 10. gxf4 Bg4 11. h3 Bxe2 12. Qxe2 Nd4 13. Qf2 Nd7 14. Be3 c5 15. Nd5 Nb6 16. Nc3 Qe7 17. Rae1 Rae8 18. Kh1 Bf6 19. Qd2 Bh4 20. Rc1 f5 21. Bxd4 cxd4 22. Ne2 Qg7 23. c5 dxc5 24. Rxc5 fxe4 25. dxe4 Rd8 26. Qd3 Kh8 27. Rfc1 Rd7 28. b3 Bf2 29. a4 Be3 30. Rf1 Rdd8 31. a5 Nd7 32. Rc7 Qf6 33. e5 Qe6 34. Qb5 a6 35. Qxb7 d3 36. Nc3 Bxf4 37. Ne4 Bxe5 38. Rc6 Qe7 39. Rc4 Rxf1+ 40. Bxf1 Rf8 41. Bg2 Bg7 42. Rc1 Qe6 43. Rd1 Ne5 44. Qb4 Qf5 45. Qe7 Qf4 46. Ng5 Qe3 47. Ne6 Qh6 48. Nxf8 Ng4 49. Rf1 d2 50. Ne6 Nf2+ 1-0